 Dungeon Crawl Stone Soup version 0.25-a0-1079-g858b6a6ff6 (webtiles) character file.

Game seed: 9159436586724380421, levelgen mode: deterministic

4102 Esekla the Magician (level 10, -2/63 HPs)
             Began as an Octopode Wizard on May 15, 2020.
             Was a Priest of Qazlal.
             Shot with an arrow by a centaur (17 damage)
             ... on level 8 of the Dungeon.
             The game lasted 01:20:42 (11527 turns).

Esekla the Magician (Octopode Wizard)              Turns: 11527, Time: 01:20:43

Health: -2/63      AC:  1    Str:  8    XL:     10   Next: 26%
Magic:  9/20       EV: 14    Int: 21    God:    Qazlal [***...]
Gold:   251        SH: 11    Dex: 12    Spells: 10/22 levels left

rFire    . . .     SeeInvis .   y - +0 falchion
rCold    . . .     Gourm    .   d - +2 buckler
rNeg     . . .     Faith    +   a - +0 hat
rPois    +         Spirit   .   m - amulet of faith
rElec    .         Reflect  .   s - ring of flight
rCorr    .         Harm     .   D - ring of poison resistance
MR       .....                  (no ring)
Stlth    ++........             (no ring)
HPRegen  0.20/turn              (no ring)
MPRegen  0.17/turn              (no ring)
                                (no ring)
                                (no ring)

@: lightly drained
A: almost no armour, stealthy swim, amphibious, 8 rings, constrict 8, camouflage
1, gelatinous body 1
a: Upheaval, Elemental Force, Renounce Religion, Evoke Flight


You were on level 8 of the Dungeon.
You worshipped Qazlal.
Qazlal was most pleased with you.
You were not hungry.

You visited 2 branches of the dungeon, and saw 9 of its levels.

You collected 251 gold pieces.

Inventory:

Hand Weapons
 n - a cursed +0 hand axe
 y - a +0 falchion (weapon)
 G - a +3 battleaxe
Missiles
 q - 8 boomerangs (quivered)
 r - 4 silver javelins
 C - 11 poisoned darts
Armour
 a - a +0 hat (worn)
 d - a +2 buckler (worn)
Jewellery
 f - an uncursed amulet of regeneration
 m - an amulet of faith (around mantle)
 s - a ring of flight (left tentacle)
 v - an uncursed amulet of the acrobat
 D - a ring of poison resistance (right tentacle)
Wands
 o - a wand of paralysis (6)
Scrolls
 b - 2 scrolls of enchant weapon {unknown}
 g - 2 scrolls of remove curse
 h - 9 scrolls of teleportation
 j - a scroll of blinking {unknown}
 l - a scroll of brand weapon {unknown}
 u - 2 scrolls of immolation
 w - a scroll of random uselessness {unknown}
 x - a scroll of noise {unknown}
 A - a scroll of amnesia {unknown}
 E - a scroll of magic mapping
Potions
 e - a potion of flight
 i - 5 potions of might
 k - a potion of haste
 p - 2 potions of berserk rage
 t - 2 potions of cancellation
 z - a potion of curing
 B - 2 potions of invisibility
 F - a potion of resistance
Comestibles
 c - 11 rations


   Skills:
 + Level 4.1(3.6) Fighting
   Level 1.9(2.0) Short Blades
 + Level 2.3(2.2) Long Blades
 + Level 2.3(1.8) Throwing
 + Level 4.0(3.5) Dodging
 - Level 2.6(2.1) Stealth
 + Level 4.0(3.5) Shields
 * Level 6.9(6.4) Spellcasting
 + Level 4.4(3.9) Conjurations
 * Level 3.7(3.2) Hexes
   Level 1.0(0.5) Summonings
 + Level 3.8(3.3) Translocations
 * Level 2.0(1.5) Fire Magic
 + Level 3.8(3.3) Air Magic
 + Level 5.3(4.8) Poison Magic


You had 10 spell levels left.
You knew the following spells:

 Your Spells              Type           Power        Failure   Level  Hunger
a - Magic Dart            Conj           ###.         1%          1    None
b - Blink                 Tloc           N/A          3%          2    None
c - Mephitic Cloud        Conj/Pois/Air  ###.....     5%          3    #......
d - Tukima's Dance        Hex            ###.....     8%          3    #......
f - Conjure Flame         Conj/Fire      ###.....     10%         3    #......

Your spell library contained the following spells:

 Spells                   Type           Power        Failure   Level  Hunger
 Corona                   Hex            ###....      2%          1    None
 Slow                     Hex            ###.....     3%          2    None
 Dazzling Flash           Conj/Hex       ###...       7%          3    #......
 Ensorcelled Hibernation  Hex/Ice        ##....       8%          2    None
 Confusing Touch          Hex            ###.....     8%          3    #......
 Call Imp                 Summ           #.......     12%         2    None


Dungeon Overview and Level Annotations

Branches:
Dungeon (8/15)             Temple (1/1) D:5
   Lair: D:8-11

Altars:
Ashenzari
Cheibriados
Dithmenos
Elyvilon
Fedhas
Gozag
Hepliaklqana
Kikubaaqudgha
Makhleb
Nemelex Xobeh
Qazlal
Ru
Sif Muna
Trog
Uskayaw
Vehumet
Wu Jian
Xom
Yredelemnul
Zin
The Shining One

Annotations:
D:4 2 transporters, vurker's ghost, novice TeAE
D:5 2 runed translucent doors, ra1n577's ghost, novice MiFi


Innate Abilities, Weirdness & Mutations

You cannot wear most types of armour.
You are very stealthy in the water. (Stealth+)
You are amphibious.
You can wear up to eight rings at the same time.
You can use your tentacles to constrict eight enemies at once.
Your skin changes colour to match your surroundings (Stealth+).
Your rubbery body absorbs attacks. (AC +1, EV +1)


Message History

The magic dart hits the adder.
You kill the adder!
Qazlal accepts your kill.
The centaur looks very confused.
Okay, then.
The centaur ponders the situation.
You hear a shout!
The centaur unwields a +0 shortbow.
The centaur hits the wight but does no damage.
The centaur hits itself.
You hear an angry hiss.
Found a scroll labeled QATITZ ANWEINUAS and a ration.
Found a stone staircase leading down.
A worker ant and an ogre come into view.
The ogre shouts!
Found a scroll of identify.
There is a stone staircase leading down here.
The centaur wields a +0 shortbow.
The centaur shoots an arrow.
The arrow hits you!
You die...

..........(...## ..
...#...##......#
#.....##...z....#
#.....##......### .
#.. ..##..c...# ?..
#..##O#......##
#...#.....#......#
#.....a..........#
#..?.@..#.......#
......☼☼...........#
#...##.....#.....#..
### #.....#......#..
#...#..........
##.###..%.##... #.
##### ## ##


You could see an ogre, a centaur and a worker ant.

Vanquished Creatures
  A two-headed ogre (D:8)
  Pikel (D:6)
  Sigmund (D:2)
  Eustachio (D:5)
  Grum (D:8)
  2 black bears (D:7)
  A sky beast (D:6)
  An ice beast (D:8)
  3 ogres
  2 phantoms
  4 wolves (D:8)
  A centaur (D:5)
  4 bullfrogs
  A wyvern skeleton (D:7)
  2 scorpions
  3 wights (D:7)
  A crimson imp (D:6)
  A centaur zombie (D:5)
  4 hounds
  2 orc priests (D:4)
  A quasit (D:7)
  2 bullfrog skeletons
  An iron imp (D:5)
  2 iguanas (D:6)
  3 orc wizards
  8 worker ants
  A killer bee zombie (D:6)
  2 hound skeletons
  A howler monkey zombie (D:6)
  3 gnolls (D:3)
  10 adders
  A shadow imp (D:6)
  2 oozes
  An adder skeleton (D:6)
  A worm (D:3)
  4 dart slugs
  4 leopard geckos
  14 orcs
  2 ball pythons
  3 giant cockroaches
  4 goblins
  10 hobgoblins
  14 jackals
  A quokka (D:5)
  9 bats
  7 frilled lizards
  A jackal zombie (D:7)
  6 kobolds
  A leopard gecko skeleton (D:7)
  A leopard gecko zombie (D:5)
  5 rats
162 creatures vanquished.

Vanquished Creatures (collateral kills)
  A wight (D:8)
1 creature vanquished.

Vanquished Creatures (others)
  A hippogriff (D:7)
  3 slaves (D:7)
  An ice beast (D:7)
  A scorpion (D:7)
  A wight (D:7)
7 creatures vanquished.

Grand Total: 170 creatures vanquished

Notes
Turn   | Place    | Note
-------+----------+-------------------------------------------
     0 | D:1      | Esekla the Octopode Wizard began the quest for the Orb.
     0 | D:1      | Reached XP level 1. HP: 11/11 MP: 4/4
   538 | D:1      | Reached XP level 2. HP: 18/18 MP: 3/6
   566 | D:1      | Learned a level 2 spell: Blink
  1057 | D:3      | Reached XP level 3. HP: 15/22 MP: 1/8
  1523 | D:2      | Learned a level 3 spell: Mephitic Cloud
  1527 | D:2      | Learned a level 3 spell: Tukima's Dance
  1659 | D:5      | Entered Level 5 of the Dungeon
  1819 | D:5      | Found a runed translucent door.
  1820 | D:5      | Noticed ra1n577's ghost (novice MiFi)
  1875 | D:5      | Reached skill level 1 in Fighting
  1875 | D:5      | Reached XP level 4. HP: 16/28 MP: 1/9
  2020 | D:5      | Found a runed translucent door.
  2092 | D:4      | Found a white marble altar of Elyvilon.
  2167 | D:5      | Reached skill level 4 in Spellcasting
  2175 | D:5      | Noticed a phantom
  2212 | D:6      | Noticed a bullfrog
  2234 | D:6      | Reached skill level 1 in Shields
  2403 | D:5      | Found a hide-covered altar of Uskayaw.
  2405 | D:5      | Found a radiant altar of Vehumet.
  2460 | D:5      | Reached skill level 1 in Poison Magic
  2460 | D:5      | Reached XP level 5. HP: 16/33 MP: 2/11
  2814 | D:5      | Found a staircase to the Ecumenical Temple.
  2857 | D:5      | Noticed a centaur
  2873 | Temple   | Entered the Ecumenical Temple
  2918 | Temple   | Became a worshipper of Qazlal Stormbringer
  4010 | D:2      | Reached * piety under Qazlal
  4052 | D:2      | Noticed Sigmund
  4336 | D:3      | Reached skill level 1 in Hexes
  4401 | D:3      | Reached skill level 1 in Short Blades
  4825 | D:3      | Reached XP level 6. HP: 19/38 MP: 3/12
  5183 | D:2      | Reached skill level 1 in Air Magic
  5188 | D:2      | Killed Sigmund
  5323 | D:2      | Found a shattered altar of Ashenzari.
  5467 | D:4      | Reached XP level 7. HP: 34/45 MP: 9/13
  5749 | D:4      | Found a burning altar of Makhleb.
  6093 | D:4      | Reached ** piety under Qazlal
  6450 | D:4      | Reached XP level 8. HP: 20/51 MP: 9/15
  6476 | D:4      | Found a transporter.
  6480 | D:4      | Found a transporter.
  6480 | D:4      | Noticed vurker's ghost (novice TeAE)
  6484 | D:4      | Noticed a troll
  6773 | D:5      | Reached skill level 5 in Spellcasting
  7182 | D:5      | Noticed Eustachio
  7184 | D:5      | Found a snail-covered altar of Cheibriados.
  7198 | D:5      | Killed Eustachio
  7558 | D:6      | Found a basalt altar of Yredelemnul.
  7592 | D:6      | Found a glowing golden altar of the Shining One.
  7706 | D:6      | Found a shadowy altar of Dithmenos.
  7884 | D:6      | Found an ornate altar of the Wu Jian Council.
  8025 | D:6      | Found a hazy altar of Hepliaklqana.
  8174 | D:7      | Reached skill level 1 in Long Blades
  8181 | D:7      | HP: 2/52 [wyvern skeleton (13)]
  8463 | D:6      | Reached skill level 1 in Throwing
  8463 | D:6      | Reached XP level 9. HP: 46/56 MP: 17/17
  8571 | D:7      | Reached *** piety under Qazlal
  8591 | D:7      | Learned a level 3 spell: Conjure Flame
  8620 | D:7      | Noticed Pikel
  8651 | D:6      | Killed Pikel
 10061 | D:7      | Reached skill level 5 in Poison Magic
 10178 | D:7      | Reached skill level 6 in Spellcasting
 10675 | D:8      | Noticed Grum
 10682 | D:8      | Noticed a two-headed ogre
 11211 | D:8      | Killed Grum
 11211 | D:8      | Reached skill level 1 in Fire Magic
 11211 | D:8      | Reached XP level 10. HP: 63/63 MP: 9/19
 11245 | D:8      | Killed a two-headed ogre
 11527 | D:8      | Shot with an arrow by a centaur

Illustrated notes

Levels and vault maps discovered:
D:1:      saegor_arrival_simple_b, layout_loops_ring
D:2:      layout_loops_ring, old_standard_altar, minmay_pentomino_z2,
          uniq_sigmund
D:3:      layout_basic, first_ration, dk_vineyard_3
D:4:      layout_cave_pools, overflow_temple_1_default, gammafunk_ghost_arena,
          nrook_mini_vaults, grunt_ministairs_7, st_stairs_3,
          makhleb_heckhound_becter
D:5:      layout_loops_corners, slow_altar_2, nicolae_overflow_hidden_temple,
          minmay_temple_entry_glass, ebering_ghost_sewer_f, uniq_eustachio
D:6:      layout_cave_pools, lemuel_crystal_altar,
          lemuel_coloured_pillars_altar, lemuel_doored_altar,
          kennysheep_little_box, nicolae_tso_swordbearing_angel,
          corexii_item_surrounded_by_moat
D:7:      layout_loops_ring, grunt_ogre_cave, uniq_pikel
D:8:      layout_cave_pools, minmay_circle_x, uniq_grum
Temple:   eino_temple_lava

Skill      XL: |  1  2  3  4  5  6  7  8  9 10 |
---------------+-------------------------------+-----
Fighting       | 1 2 3 4 |  4.1
Spellcasting   | 4 5 6 |  6.9
Shields        | 1 2 3 4 |  4.0
Poison Magic   | 1 2 3 5 |  5.3
Hexes          | 1 2 3 |  3.7
Short Blades   | 1 |  1.9
Air Magic      | 1 2 3 |  3.8
Translocations | 2 3 |  3.8
Conjurations   | 2 3 4 |  4.4
Dodging        | 3 4 |  4.0
Long Blades    | 1 2 |  2.3
Throwing       | 1 2 |  2.3
Fire Magic     | 1 2 |  2.0
Stealth        | |  2.6
Summonings     | |  1.0

Action                   |  1- 3 |  4- 6 |  7- 9 | 10-12 || total
-------------------------+-------+-------+-------+-------++-------
Melee: Unarmed           |    11 |       |       |       ||    11
       Constrict         |    10 |    43 |    57 |     3 ||   113
       Dagger            |    26 |   171 |    95 |       ||   292
       Tentacles         |     2 |    28 |    46 |     4 ||    80
       Falchion          |       |       |   138 |    22 ||   160
Throw: Boomerang         |       |     3 |    60 |    11 ||    74
 Cast: Magic Dart        |    31 |    76 |   160 |     6 ||   273
       Blink             |     1 |       |    12 |     5 ||    18
       Mephitic Cloud    |       |     1 |    23 |     4 ||    28
       Conjure Flame     |       |       |     4 |       ||     4
       Tukima's Dance    |       |       |     2 |     1 ||     3
  Use: Scroll            |       |     5 |     7 |     1 ||    13
       Potion            |       |       |     2 |       ||     2
 Stab: Sleeping          |     1 |     8 |       |       ||     9
       Confused          |       |     1 |     9 |       ||    10
  Eat: Chunk             |     3 |     8 |    10 |       ||    21
       Ration            |       |     1 |     2 |     1 ||     4
Armor: Skin              |       |    12 |    11 |     2 ||    25
Dodge: Dodged            |    28 |   118 |   164 |    12 ||   322
Block: Buckler           |    11 |    53 |   118 |    15 ||   197
       Rpst.: Falchion   |       |       |    22 |     1 ||    23

Table legend:
 A = Non-vault XP
 B = Vault XP
 C = Vault XP percentage of total XP
 D = Non-vault monster count
 E = Vault monster count
 F = Vault count percentage of total count
                 A         B        C        D         E       F
            +---------+---------+-------+---------+---------+-------
      Total |    3933 |    1928 |  32.9 |     148 |      16 |   9.8
            +---------+---------+-------+---------+---------+-------
        D:1 |      51 |       0 |   0.0 |      29 |       0 |   0.0
        D:2 |      45 |     242 |  84.3 |      20 |       3 |  13.0
        D:3 |      96 |       0 |   0.0 |      19 |       0 |   0.0
        D:4 |     517 |     120 |  18.8 |      23 |       3 |  11.5
        D:5 |     425 |     241 |  36.2 |      15 |       2 |  11.8
        D:6 |     549 |     663 |  54.7 |      17 |       1 |   5.6
        D:7 |    1009 |     118 |  10.5 |      17 |       1 |   5.6
        D:8 |    1241 |     544 |  30.5 |       8 |       6 |  42.9
            +---------+---------+-------+---------+---------+-------
